 Dungeon Crawl Stone Soup version 0.20-a0-420-g83c570d (webtiles) character file.

203 Gorice the Bolt Thrower (level 5, 0/37 HPs)
             Began as a Demonspawn Arcane Marksman on Dec 31, 2016.
             Slain by an ogre
             ... wielding a +0 giant club
              (15 damage)
             ... on level 4 of the Dungeon.
             The game lasted 00:13:15 (2827 turns).

Gorice the Bolt Thrower (DsAM)                      Turns: 2827, Time: 00:13:16

Health: 0/37       AC: 11    Str: 12    XL:     5   Next: 51%
Magic:  5/6        EV: 10    Int: 14    God:
Gold:   151        SH:  0    Dex: 13    Spells: 5/6 levels left

rFire  + . .     SeeInvis .     a - +0 hand crossbow
rCold  + . .     Gourm    .     h - +1 ring mail {rF+}
rNeg   . . .     Faith    .     (no shield)
rPois  .         Spirit   .     s - +0 helmet
rElec  .         Reflect  .     (no cloak)
rCorr  +         Harm     .     v - +1 pair of gloves
MR     .....                    (no boots)
Stlth  +.........               (no amulet)
                                n - ring of resist corrosion
                                g - ring of protection from cold

@: no status effects
A: claws 1, icy blue scales 1
a: no special abilities


You were on level 4 of the Dungeon.
You were not hungry.

You visited 1 branch of the dungeon, and saw 4 of its levels.

You collected 151 gold pieces.

Inventory:

Hand Weapons
 a - a +0 hand crossbow (weapon)
 l - a +0 blowgun
Missiles
 d - 69 bolts (quivered)
Armour
 e - a +0 robe
 h - a +1 ring mail of fire resistance (worn)
   (You found it on level 1 of the Dungeon)
 s - a +0 helmet (worn)
 v - a +1 pair of gloves (worn)
 y - a +0 chain mail
Jewellery
 g - a ring of protection from cold (left hand)
 n - a ring of resist corrosion (right hand)
 p - an uncursed ring of flight
Scrolls
 b - a scroll of enchant weapon {unknown}
 i - a scroll of noise {unknown}
 j - a scroll of teleportation {!r}
 m - a scroll of amnesia
 q - a scroll of magic mapping {!r}
 r - 2 scrolls of remove curse
 t - a scroll of enchant armour {unknown}
 w - a scroll of random uselessness {unknown}
 x - a scroll of blinking {unknown}
 A - a scroll of fear {!r}
 E - a scroll of fog {unknown}
Potions
 k - a potion of agility {!q}
 u - a potion of cure mutation {!q}
 B - a potion of resistance {!q}
Books
 c - a book of Debilitation
 D - a book of Necromancy
Comestibles
 f - 3 bread rations {!e}
 o - 3 meat rations {!e}


   Skills:
 - Level 1.0 Fighting
 * Level 5.3 Crossbows
 - Level 1.7 Dodging
 - Level 1.0 Spellcasting
 - Level 3.0 Hexes


You had 5 spell levels left.
You knew the following spells:

 Your Spells              Type           Power        Failure   Level  Hunger
a - Corona                Hex            #......      21%         1    ##.....


Dungeon Overview and Level Annotations

Branches:
Dungeon (4/15)
 Temple: D:4-7

Altars:

Annotations:
D:4 Blork the orc


Innate Abilities, Weirdness & Mutations

You have sharp fingernails.
You are partially covered in icy blue scales. (AC +2)


Message History

Firing (i - inventory):
d - 76 bolts (quivered)
Press: ? - help, Shift-Dir - straight line, f - ogre
Aim: an ogre, wielding a giant club You shoot a bolt.
The bolt barely misses the ogre.
A bat comes into view.
Casting: Corona
Confirm with . or Enter, or press ? or * to list all spells.
Aiming: Corona
Press: ? - help, Shift-Dir - straight line, f/p - ogre
Aim: an ogre, wielding a giant club (chance to defeat MR: 44%)
The ogre resists with significant effort.
Firing (i - inventory):
d - 75 bolts (quivered)
Press: ? - help, Shift-Dir - straight line, f/p - ogre
Aim: an ogre, wielding a giant club You shoot a bolt.
The bolt closely misses the ogre.
Firing (i - inventory):
d - 74 bolts (quivered)
Press: ? - help, Shift-Dir - straight line, f/p - ogre
Aim: an ogre, wielding a giant club You shoot a bolt.
The bolt hits the ogre!
The ogre is moderately wounded.
The bat hits you but does no damage.
Firing (i - inventory):
d - 73 bolts (quivered)
Press: ? - help, Shift-Dir - straight line, f/p - ogre
Aim: an ogre, wielding a giant club (moderately wounded)
You shoot a bolt. The bolt hits the ogre.
The ogre is moderately wounded.
The bat hits you but does no damage. x2; The ogre barely misses you.
Firing (i - inventory):
d - 72 bolts (quivered)
Press: ? - help, Shift-Dir - straight line, f/p - ogre
Aim: an ogre, wielding a giant club (moderately wounded)
You shoot a bolt. The bolt hits the ogre!
The ogre is severely wounded.
The bat barely misses you. The ogre hits you with a giant club!
Damage: 14 (max 14) Unknown command.
Firing (i - inventory):
d - 71 bolts (quivered)
Press: ? - help, Shift-Dir - straight line, f/p - ogre
Aim: an ogre, wielding a giant club (severely wounded)
You shoot a bolt. The bolt barely misses the ogre.
The bat hits you but does no damage. The ogre hits you with a giant club!
* * * LOW HITPOINT WARNING * * *
Damage: 9 (max 14) Unknown command.
Firing (i - inventory):
d - 70 bolts (quivered)
Press: ? - help, Shift-Dir - straight line, f/p - ogre
Aim: an ogre, wielding a giant club (severely wounded)
You shoot a bolt. The bolt hits the ogre.
The ogre is almost dead.
The bat hits you but does no damage. x2; The ogre hits you with a giant club!
You die...

.$......>..........#
##...............).#
..........%........#
...................#
#................#
#................#
.##..(.............#
....(..<...........#
.....(.(((@.....)..#
........(O.b......##
.......((..#.....##
....(..######...##
#...... ##..#
...#.#. ..# #..####
#.# #


You could see an ogre and a bat.

Vanquished Creatures
  An orc priest (D:3)
  A centaur skeleton (D:4)
  Natasha (D:4)
  A worker ant (D:3)
  4 adders
  An ooze (D:3)
  3 leopard geckos
  4 orcs (D:3)
  3 giant cockroaches
  A goblin (D:1)
  6 hobgoblins
  5 kobolds
  2 quokkas
  8 bats
  2 frilled lizards
  12 rats
55 creatures vanquished.

Notes
Turn   | Place    | Note
-------+----------+-------------------------------------------
     0 | D:1      | Gorice the Demonspawn Arcane Marksman began the quest for the Orb.
     0 | D:1      | Reached XP level 1. HP: 15/15 MP: 2/2
   179 | D:1      | Reached skill level 2 in Crossbows
   361 | D:1      | Gained mutation: You have sharp fingernails. [demonic ancestry]
   361 | D:1      | Reached XP level 2. HP: 21/21 MP: 0/3
   981 | D:2      | Reached skill level 3 in Crossbows
  1124 | D:2      | Reached XP level 3. HP: 26/26 MP: 4/4
  1351 | D:2      | HP: 7/26 [poisoned by a kobold]
  1358 | D:2      | HP: 6/26 [poisoned by a kobold]
  1366 | D:2      | HP: 5/26 [poisoned by a kobold]
  1881 | D:3      | Reached skill level 4 in Crossbows
  1881 | D:3      | Reached XP level 4. HP: 32/32 MP: 2/5
  2412 | D:4      | Noticed an ogre
  2472 | D:4      | Gained mutation: You are partially covered in icy blue scales. (AC +2) [demonic ancestry]
  2472 | D:4      | Reached XP level 5. HP: 23/37 MP: 6/6
  2503 | D:4      | Noticed Blork the orc
  2516 | D:3      | HP: 10/37 [poisoned by a worker ant]
  2525 | D:3      | HP: 7/37 [worker ant (5)]
  2531 | D:3      | Reached skill level 5 in Crossbows
  2770 | D:4      | Noticed Natasha
  2774 | D:4      | Killed Natasha
  2827 | D:4      | Slain by an ogre

Vault maps used:
D:1:      dpeg_arrival_water_fire
D:4:      serial_shops, shop, shop, serial_glass, glass_columns_a,
          glass_columns_a, glass_columns_b, glass_columns_b, glass_columns_a,
          minmay_guarded_unrand_vampires_tooth, uniq_blork_the_orc, uniq_natasha

Skill      XL: |  1  2  3  4  5 |
---------------+----------------+-----
Crossbows      | 2 3 4 5 |  5.3
Fighting       | |  1.0
Dodging        | |  1.7
Spellcasting   | |  1.0
Hexes          | |  3.0

Action                   |  1- 3 |  4- 6 || total
-------------------------+-------+-------++-------
 Fire: Hand crossbow     |    89 |    84 ||   173
 Cast: Corona            |    27 |     6 ||    33
  Use: Scroll            |     5 |     5 ||    10
       Potion            |       |     2 ||     2
  Eat: Chunk             |     4 |     3 ||     7
Armor: Ring mail         |    29 |    49 ||    78
       Robe              |     1 |       ||     1
Dodge: Dodged            |    43 |    47 ||    90

Table legend:
 A = Turns spent in this place as a percentage of turns spent in the entire game.
 B = Non-inter-level travel turns spent in this place as a percentage of non-inter-level travel turns spent in the entire game.
 C = Inter-level travel turns spent in this place as a percentage of turns spent in this place.
 D = Turns resting spent in this place as a percentage of non-inter-level travel turns spent in this place.
 E = Turns spent auto-exploring this place as a percentage of non-inter-level travel turns spent in this place.
 F = Non-inter-level travel turns spent in this place divided by the number of levels of this place that you've seen.
                   A       B       C       D       E      F
               +-------+-------+-------+-------+-------+----------------------
         Total | 100.0 | 100.0 |   0.8 |   1.4 |   8.7 | 194.8
       Dungeon | 100.0 | 100.0 |   0.8 |   1.4 |   8.7 | 194.8
               +-------+-------+-------+-------+-------+----------------------

Vault maps used:
D:1:      dpeg_arrival_water_fire
D:4:      serial_shops, shop, shop, serial_glass, glass_columns_a,
          glass_columns_a, glass_columns_b, glass_columns_b, glass_columns_a,
          minmay_guarded_unrand_vampires_tooth, uniq_blork_the_orc, uniq_natasha
